 Dungeon Crawl Stone Soup version 0.30-b1-2-g02819fbbbe (webtiles) character file.

Game seed: 11861607162681609748

568 sanka the Ruffian (level 7, 57/57 HPs)
             Began as a Yellow Draconian Delver on May 20, 2023.
             Quit the game on level 4 of the Dungeon.
             The game lasted 00:07:23 (4326 turns).

sanka the Ruffian (Yellow Draconian Delver)         Turns: 4326, Time: 00:07:24

Health: 57/57      AC:  7    Str: 15    XL:     7   Next: 11%
Magic:  7/7        EV: 12    Int: 10    God:
Gold:   255        SH:  0    Dex: 14    Spells: 6/6 levels left

rFire   . .          .
                       - Unarmed
rCold   . . .        (no shield)
rNeg    . . .        (body armour unavailable)
rPois   .            (helmet restricted)
rElec   .            m - +0 cloak
rCorr   +            (no gloves)
SInv    .            (no boots)
Will    .....        k - amulet of magic regeneration
Stlth   +++          (no ring)
HPRegen 0.29/turn    (no ring)
MPRegen 0.50/turn

%: no passive effects
@: no status effects
A: spit acid, AC +6, unfitting armour, cold-blooded, acid resistance
a: Breathe Acid


You were on level 4 of the Dungeon.
You visited 1 branch of the dungeon, and saw 5 of its levels.

You collected 255 gold pieces.

Inventory:

Armour
 m - a +0 cloak (worn)
Jewellery
 k - an amulet of magic regeneration (around neck)
 l - a ring of fire
Wands
 e - a wand of digging (3)
 p - a wand of light (8)
Scrolls
 a - a scroll of fog
 b - a scroll of magic mapping
 c - 2 scrolls of vulnerability {unknown}
 d - 3 scrolls of identify {unknown}
 h - a scroll of teleportation {unknown}
 i - a scroll of noise {unknown}
 j - a scroll of enchant armour {unknown}
Potions
 f - a potion of flight {unknown}
 g - 2 potions of curing {unknown}
 n - a potion of brilliance {unknown}
 o - 2 potions of lignification {unknown}
 q - a potion of degeneration {unknown}
 r - a potion of might
 s - a potion of magic {unknown}


   Skills:
 - Level 3.2 Fighting
 - Level 1.7 Dodging
 - Level 4.5 Stealth
 + Level 7.9 Unarmed Combat


You had 6 spell levels left.
You didn't know any spells.
Your spell library contained the following spells:

 Spells                   Type           Power      Damage    Failure   Level
 Ozocubu's Armour         Ice            0%         N/A       75%         3
 Metabolic Englaciation   Hex/Ice        0%         N/A       100%        5
 Simulacrum               Ice/Necr       0%         N/A       100%        6
 Malign Gateway           Summ/Tloc      0%         N/A       100%        7
 Summon Horrible Things   Summ           0%         N/A       100%        8


Dungeon Overview and Level Annotations

Branches:
Dungeon (5/15)
 Temple: D:4-7

Altars:
Dithmenos
Elyvilon
Nemelex Xobeh
Vehumet
Zin

Shops:
D:3 *


Innate Abilities, Weirdness & Mutations

You can spit globs of acid.
Your golden yellow scales are hard. (AC +6)
You cannot fit into any form of body armour.
You are cold-blooded and may be slowed by cold attacks.
You are resistant to acid. (rCorr)


Message History

You punch the black bear!
The black bear is severely wounded.
The black bear closely misses you.
The black bear claws you but does no damage.
The black bear claws you.
You closely miss the black bear.
The black bear is severely wounded.
The black bear goes berserk!
The dart slug launches a dart at you. The slug dart hits you.
The black bear closely misses you. The black bear barely misses you.
The black bear closely misses you.
You barely miss the black bear.
You tail-slap the black bear, but do no damage.
The black bear is severely wounded.
The black bear bites you but does no damage.
The black bear claws you. x2
Aiming: Bolt of Light
Press: ? - help, Shift-Dir - straight line, f - black bear
Aim: a black bear (severely wounded, berserk, 79% to hit)
The bolt of light hits the black bear!
You kill the black bear!
Your life force feels restored.
You have reached level 7!
Your scales start taking on a golden yellow colour.
You can spit globs of acid.
You feel resistant to acid.
You are too injured to fight recklessly!
You are too injured to fight recklessly!
You are too injured to fight recklessly!
You are too injured to fight recklessly!
You are too injured to fight recklessly!
Unknown command.
You punch the dart slug!
You kill the dart slug!
You see here a black bear corpse.
Unknown command.
You start resting.
HP restored.
Are you sure you want to abandon this character and quit the game? (Confirm with "yes".)

###............
#...#..#.....#.
##...#..#.....#.
#...###.##. ##.
#...# #..# #..
#..## ##.## ##..
#..# #..# #...
####.##
##.###... #.@..#
. #..#....
#...##.#
....#..#...#
#..#
#...............
#..
#####...........
#. #...........
#. #...........
# #...........
z####
#...........
.$...
#...........


There were no monsters in sight!

Vanquished Creatures
  Eustachio (D:4)
  A black bear (D:4)
  A centaur (D:5)
  A wight (D:3)
  2 hounds
  An orc wizard (D:3)
  2 adders
  2 worms
  5 dart slugs
  10 orcs
  7 endoplasms
  3 giant cockroaches (D:2)
  8 hobgoblins
  8 jackals
  5 ball pythons
  2 bats
  4 goblins
  9 kobolds
  6 rats
78 creatures vanquished.

Vanquished Creatures (others)
  A plant (D:3)
1 creature vanquished.

Grand Total: 79 creatures vanquished

Notes
Turn   | Place    | Note
-------+----------+-------------------------------------------
     0 | D:5      | sanka the Draconian Delver began the quest for the Orb.
     0 | D:5      | Reached XP level 1. HP: 19/19 MP: 1/1
     9 | D:5      | Noticed a hound
    21 | D:5      | Killed a hound
    22 | D:5      | Reached skill level 3 in Unarmed Combat
    22 | D:5      | Reached XP level 2. HP: 21/26 MP: 2/2
   273 | D:5      | Noticed a water moccasin
   299 | D:5      | Reached XP level 3. HP: 31/31 MP: 3/3
   322 | D:5      | Noticed a centaur
   344 | D:5      | Killed a centaur
   345 | D:5      | Reached skill level 4 in Unarmed Combat
   345 | D:5      | Reached XP level 4. HP: 17/38 MP: 4/4
   345 | D:5      | Found a sparkling altar of Nemelex Xobeh.
   355 | D:4      | Noticed Eustachio
   421 | D:3      | Reached skill level 5 in Unarmed Combat
   761 | D:3      | Found Zin's Purification Station.
   763 | D:3      | Found a glowing silver altar of Zin.
   996 | D:1      | Reached XP level 5. HP: 45/45 MP: 5/5
  1317 | D:1      | Found a white marble altar of Elyvilon.
  1483 | D:1      | Found a faded altar of an unknown god.
  2966 | D:3      | Found a shadowy altar of Dithmenos.
  2968 | D:3      | Found a radiant altar of Vehumet.
  3436 | D:4      | Reached skill level 6 in Unarmed Combat
  3781 | D:4      | Noticed a black bear
  3951 | D:4      | Killed Eustachio
  3952 | D:4      | Reached skill level 7 in Unarmed Combat
  3952 | D:4      | Reached XP level 6. HP: 51/51 MP: 6/6
  4210 | D:4      | Your scales start taking on a golden yellow colour.
  4210 | D:4      | Reached XP level 7. HP: 23/57 MP: 7/7
  4210 | D:4      | Gained mutation: You are resistant to acid. (rCorr) [Yellow
                  | Draconian growth]
  4326 | D:4      | Quit the game

Illustrated notes

Levels and vault maps discovered:
D:1:      sevenhm_arrival_forest_fort_small_6, layout_basic,
          basic_ecumenical_altar
D:2:      layout_basic
D:3:      layout_basic, zin_purify, mainiacjoe_overflow_big_doors
D:4:      layout_basic, cheibrodos_sewer_entry_bend, serial_park_tiny_1,
          corexii_hall_statues_deadend, minivault_5, minmay_unequal,
          uniq_eustachio
D:5:      kb_forest_paths, layout_cave_pools,
          gammafunk_temple_overflow_elements, mainiacjoe_overflow_brackets,
          dk_yredelemnul_ordeal

Skill      XL: |  1  2  3  4  5 |
---------------+----------------+-----
Unarmed Combat | 3 4 5 7 |  7.9
Fighting       | |  3.2
Dodging        | |  1.7
Stealth        | |  4.5

Action                     |  1- 3 |  4- 6 |  7- 9 || total
---------------------------+-------+-------+-------++-------
  Melee: Unarmed           |    34 |   263 |     1 ||   298
         Tailslap          |     3 |    32 |       ||    35
         Punch             |       |    11 |       ||    11
  Evoke: Wand              |       |     2 |       ||     2
    Use: Scroll            |     1 |       |       ||     1
         Potion            |     1 |       |       ||     1
   Stab: Sleeping          |       |    10 |       ||    10
 Armour: Skin              |    10 |    79 |       ||    89
  Dodge: Dodged            |    32 |   156 |       ||   188
